 Dungeon Crawl Stone Soup version 0.29-a0-344-ge2f44be95a (webtiles) character file.

Game seed: 12270377303616337923

24 spaghetti the Caller (level 3, 20/26 HPs)
             Began as a Barachi Summoner on Apr 22, 2022.
             Was a Follower of Dithmenos.
             Quit the game on level 2 of the Dungeon.
             The game lasted 00:01:06 (982 turns).

spaghetti the Caller (Barachi Summoner)              Turns: 982, Time: 00:01:07

Health: 20/26      AC:  2    Str:  9    XL:     3   Next: 2%
Magic:  6/6        EV: 12    Int: 17    God:    Dithmenos [*.....]
Gold:   25         SH:  0    Dex: 12    Spells: 5/6 levels left

rFire   . . .      SeeInvis .   d - +0 dagger {short}
rCold   . . .      Faith    .   (no shield)
rNeg    . . .      Spirit   .   a - +0 robe
rPois   .          Reflect  .   (no helmet)
rElec   .          Harm     .   (no cloak)
rCorr   .          Rampage  .   (no gloves)
Will    .....                   (no boots)
Stlth   ++........              (no amulet)
HPRegen 0.08/turn               (no ring)
MPRegen 0.10/turn               (no ring)

@: quite poisoned (20 -> 11), wreathed by umbra, slow
A: amphibious, slowness 1, strong legs 1, +LOS
a: Hop, Renounce Religion


You were on level 2 of the Dungeon.
You worshipped Dithmenos.
Dithmenos was aware of your devotion.
You visited 1 branch of the dungeon, and saw 2 of its levels.

You collected 25 gold pieces.


Innate Abilities, Weirdness & Mutations

You are amphibious.
You cover ground slowly.
You can hop short distances.
You have an extended range of vision and can be seen from far away.


   Skills:
 + Level 1.6 Fighting
 + Level 1.6 Armour
 + Level 2.8 Dodging
 - Level 1.7 Stealth
 - Level 2.1 Spellcasting
 - Level 4.8 Summonings


You had 5 spell levels left.
You knew the following spells:

 Your Spells              Type           Power      Damage    Failure   Level
a - Summon Small Mammal   Summ           72%        N/A       2%          1

Your spell library contained the following spells:

 Spells                   Type           Power      Damage    Failure   Level
 Call Imp                 Summ           18%        N/A       4%          2
 Call Canine Familiar     Summ           18%        N/A       8%          3
 Slow                     Hex            4%         N/A       19%         1
 Summon Guardian Golem    Hex/Summ       10%        N/A       22%         3
 Confusing Touch          Hex            1%         N/A       50%         3
 Vampiric Draining        Necr           1%         2d6       50%         3
 Summon Lightning Spire   Summ/Air       10%        N/A       56%         4

Inventory:

Hand Weapons
 d - a +0 dagger (weapon) {short}
   (You took it off a goblin on level 1 of the Dungeon)
Missiles
 f - 40 stones {throwing}
Armour
 a - a +0 robe (worn)
Scrolls
 c - a scroll of enchant weapon {unknown}
 e - a scroll of vulnerability {unknown}
 g - a scroll of noise {unknown}
Potions
 b - a potion of magic

Dungeon Overview and Level Annotations

Branches:
Dungeon (1/15)

Altars:
Dithmenos

..# #.###..# #.##.##.#
#.....## ##...## ####
#.....##...#
#.##.##.#..####.. #.
#.###.........# ..
#.###.######..#
########.##.....@g...#
#.........#...####.#.#
#.#########.#.# #
............#.#
#.###########.# #.###
..# ....# ### ....#
<...####


You could see a goblin.


Message History

You are too injured to fight recklessly!
You are too injured to fight recklessly!
You are too injured to fight recklessly!
You are too injured to fight recklessly!
You are too injured to fight recklessly!
You are too injured to fight recklessly!
You are too injured to fight recklessly!
You barely miss the goblin. The goblin hits you but does no damage.
You barely miss the goblin. The goblin hits you but does no damage.
You barely miss the goblin. The goblin misses you.
You hit the goblin. The goblin barely misses you.
You barely miss the goblin.
The goblin hits you with a +0 club. 😕 HP[-2]
You take 2 damage, and now have 16/21 hp.
You closely miss the goblin.
The goblin hits you with a +0 club. 😮 HP[-1]
You take 1 damage, and now have 15/21 hp.
You hit the goblin but do no damage.
The goblin hits you with a +0 club. 😮 HP[-1]
You take 1 damage, and now have 14/21 hp.
You hit the goblin.
You kill the goblin!
Dithmenos accepts your kill.
You have reached level 3!
Your experience leads to an increase in your attributes!
Increase (S)trength, (I)ntelligence, or (D)exterity?
You feel clever. x2 😮 HP[+4] MP[+1]
You now have 26 max hp (+5).
You regained 4 hp, and now have 18/26 hp.
Your mp is fully restored (6).
You closely miss the rat. The rat closely misses you.
You hit the rat. The rat barely misses you.
You hit the rat but do no damage. The rat bites you. 😮 HP[-2]
You take 2 damage, and now have 16/26 hp.
You hit the rat but do no damage. The rat bites you. 😮 HP[-1]
You take 1 damage, and now have 15/26 hp.
You hit the rat but do no damage. The rat misses you.
You hit the rat.
You kill the rat!
Dithmenos accepts your kill.
Things that are here:
a +0 club {mace}; a goblin corpse You are too injured to fight recklessly!
Key pressed, stopping explore.
You see here a +0 robe.
Key pressed, stopping explore.
You pick up a book of Debilitation and begin reading...
You add the spells Slow, Vampiric Draining and Confusing Touch to your library. 😎 HP[+11]
Your hp is fully restored (26).
f - 40 stones {throwing} (gained 24) Key pressed, stopping explore.
You see here a +0 whip {mace}.
A ball python and a goblin come into view.
The goblin is wielding a +3 dagger of venom.
The goblin shouts!
Okay, then.
There are monsters nearby!
There are monsters nearby!
There are monsters nearby!
There are monsters nearby!
The goblin unwields a +3 dagger of venom.
It stops dripping with poison.
The goblin wields a +0 hunting sling.
The goblin shoots a sling bullet.
The sling bullet closely misses you.
The goblin shoots a sling bullet.
The sling bullet hits you but does no damage.
You hit the goblin but do no damage.
The goblin unwields a +0 hunting sling.
The goblin wields a +3 dagger of venom.
It begins to drip with poison!
The goblin hits you with a +3 dagger of venom.
You are too injured to fight recklessly! 😕 HP[-3]
You take 3 damage, and now have 23/26 hp.
You are too injured to fight recklessly!
You are too injured to fight recklessly!
You are too injured to fight recklessly!
You are too injured to fight recklessly!
You are too injured to fight recklessly!
You are too injured to fight recklessly!
You are too injured to fight recklessly!
You are too injured to fight recklessly!
You are too injured to fight recklessly!
You are too injured to fight recklessly!
You are too injured to fight recklessly!
You are too injured to fight recklessly!
You are too injured to fight recklessly!
You are too injured to fight recklessly!
You are too injured to fight recklessly!
You are too injured to fight recklessly!
You are too injured to fight recklessly!
You are too injured to fight recklessly!
You closely miss the goblin.
The goblin hits you with a +3 dagger of venom.
You are poisoned. 😕 HP[-3]
You take 3 damage, and now have 20/26 hp.
Okay, then.
Are you sure you want to abandon this character and quit the game? (Confirm with "yes".)

Skill      XL: |  1 |
---------------+----+-----
Fighting       | 1 |  1.6
Armour         | 1 |  1.6
Dodging        | |  2.8
Stealth        | |  1.7
Spellcasting   | |  2.1
Summonings     | |  4.8

Action                   || total
-------------------------++-------
Melee: Unarmed           ||     8
       Dagger            ||    52
 Cast: Summon Small Mamm ||     4
 Stab: Sleeping          ||     2
Armor: Robe              ||    14
Dodge: Dodged            ||    34

Levels and vault maps discovered:
D:1:      scummos_arrival_simple_fountains, layout_basic,
          basic_ecumenical_altar, solitary_fountain
D:2:      layout_basic, hex_intersection

Notes
Turn   | Place    | Note
-------+----------+-------------------------------------------
     0 | D:1      | spaghetti the Barachi Summoner began the quest for the Orb.
     0 | D:1      | Reached XP level 1. HP: 13/13 MP: 3/3
     0 | D:1      | magus.rc [v1.9.6]
    32 | D:1      | HP: 3/14 [dart slug (2)]
   289 | D:1      | Found a faded altar of an unknown god.
   309 | D:1      | Reached skill level 1 in Fighting
   309 | D:1      | Reached skill level 1 in Armour
   309 | D:1      | Reached XP level 2. HP: 21/21 MP: 1/5
   316 | D:1      | Prayed at the altar of an unknown god.
   316 | D:1      | Became a worshipper of Dithmenos the Shadowed
   316 | D:1      | Reached * piety under Dithmenos
   418 | D:1      | You fall into a shaft and drop 1 floor!
   748 | D:2      | Reached XP level 3. HP: 18/26 MP: 6/6
   905 | D:2      | You pick up a book of Debilitation and begin reading...
   905 | D:2      | You add the spells Slow, Vampiric Draining and Confusing
                  | Touch to your library.
   982 | D:2      | Quit the game

Vanquished Creatures
  An adder (D:2)
  An endoplasm (D:2)
  A goblin (D:2)
  A quokka (D:1)
  A ball python (D:1)
  3 kobolds
  2 rats
10 creatures vanquished.

Vanquished Creatures (collateral kills)
  A dart slug (D:1)
  2 goblins (D:1)
3 creatures vanquished.

Grand Total: 13 creatures vanquished

Table legend:
 A = Non-vault XP
 B = Vault XP
 C = Vault XP percentage of total XP
 D = Non-vault monster count
 E = Vault monster count
 F = Vault count percentage of total count
                 A         B        C        D         E       F
            +---------+---------+-------+---------+---------+-------
      Total |      35 |       0 |   0.0 |      13 |       0 |   0.0
            +---------+---------+-------+---------+---------+-------
        D:1 |      13 |       0 |   0.0 |       7 |       0 |   0.0
        D:2 |      22 |       0 |   0.0 |       6 |       0 |   0.0
            +---------+---------+-------+---------+---------+-------

Illustrated notes

Table legend:
 A = Kills in this place as a percentage of kills in entire the game.
 B = Kills by you in this place as a percentage of kills by you in the entire game.
 C = Kills by friends in this place as a percentage of kills by friends in the entire game.
 D = Other kills in this place as a percentage of other kills in the entire game.
 E = Experience gained in this place as a percentage of experience gained in the entire game.
 F = Experience gained in this place divided by the number of levels of this place that you have seen.
                   A       B       C       D       E      F
               +-------+-------+-------+-------+-------+----------------------
         Total | 100.0 | 100.0 | 100.0 |   N/A | 100.0 |  17.5
       Dungeon | 100.0 | 100.0 | 100.0 |   N/A | 100.0 |  17.5
               +-------+-------+-------+-------+-------+----------------------

Table legend: (Time is in decaauts)
 A = Elapsed time spent in this place.
 B = Non-inter-level travel time spent in this place.
 C = Inter-level travel time spent in this place.
 D = Time resting spent in this place.
 E = Time spent auto-exploring this place.
 F = Levels seen in this place.
 G = Mean time per level.
                   A        B        C        D        E       F      G
               +--------+--------+--------+--------+--------+-----+--------+
         Total |   1048 |   1041 |      7 |    252 |    666 |   2 |  524.0 |
       Dungeon |   1048 |   1041 |      7 |    252 |    666 |   2 |  524.0 |
               +--------+--------+--------+--------+--------+-----+--------+

Top non-repeatable levels by time:
     D:2: 615 daAuts
     D:1: 432 daAuts
